 Dungeon Crawl Stone Soup version 0.19-a0-978-g9f5ef2c (webtiles) character file.

8705 zxkuqyb the Martial Artist (level 11, -22/72 HPs)
             Began as a Kobold Monk on July 13, 2016.
             Was an Elder of Pakellas.
             Annihilated by a komodo dragon (31 damage)
             ... on level 2 of the Lair of Beasts.
             The game lasted 00:59:47 (13272 turns).

zxkuqyb the Martial Artist (Kobold Monk)           Turns: 13272, Time: 00:59:48

Health: -22/72     AC:  7    Str: 14    XL:     11   Next: 60%
Magic:  7/14       EV: 23    Int:  8    God:    Pakellas [****..]
Gold:   492        SH:  0    Dex: 18    Spells: 0 memorised, 10 levels left

rFire  + . .     SeeInvis .       - Unarmed
rCold  . . .     Gourm    .     u - +0 leather armour
rNeg   . . .     Faith    .     (shield restricted)
rPois  .         Spirit   .     c - +0 helmet
rElec  .         Dismiss  .     P - +1 cloak
rCorr  .         Reflect  .     (no gloves)
SustAt +         Harm     .     z - +0 pair of boots
MR     .....                    (no amulet)
Stlth  +++.......               B - ring of protection from fire
                                w - ring of sustain attributes

@: very slightly contaminated, not resistant to hostile enchantments, fairly
stealthy
A: molten scales 1, carnivore 3, deformed body, deterioration 1
a: Quick Charge, Device Surge, Renounce Religion


You were on level 2 of the Lair of Beasts.
You worshipped Pakellas.
Pakellas was greatly pleased with you.
You were very full.

You visited 3 branches of the dungeon, and saw 11 of its levels.
You also visited: Ossuary.

You collected 492 gold pieces.

Inventory:

Missiles
 h - 2 throwing nets (quivered)
Armour
 c - a +0 helmet (worn)
 q - the +1 chain mail of the Serpent {Stlth+}
   (You acquired it on level 1 of the Lair of Beasts)

   It makes you more stealthy.
 u - a +0 leather armour (worn)
 z - a +0 pair of boots (worn)
 P - a +1 cloak (worn)
Jewellery
 k - an uncursed ring of positive energy
 w - a ring of sustain attributes (left hand)
 B - a ring of protection from fire (right hand)
 D - an uncursed ring of ice
Wands
 a - a wand of confusion (12/48)
 t - a wand of teleportation (6/9)
 x - a wand of hasting (4/9)
 E - a wand of acid (0/15)
 N - a wand of paralysis (13/24)
 V - a wand of polymorph (10/24)
 W - a wand of iceblast (0/15)
 Y - a wand of enslavement (11/24)
 Z - a wand of digging (12/24)
Scrolls
 e - 5 scrolls of remove curse
 l - 3 scrolls of enchant weapon {unknown}
 m - 4 scrolls of magic mapping
 n - a scroll of fog
 o - 3 scrolls of teleportation
 s - a scroll of enchant armour
 y - 2 scrolls of fear
 F - 2 scrolls of noise {unknown}
 H - a scroll of identify
 I - 4 scrolls of recharging
 R - 2 scrolls of amnesia {unknown}
Potions
 d - a potion of curing
 f - 3 potions of ambrosia
 g - 3 potions of cancellation
 r - 3 potions of flight
 v - 3 potions of invisibility
 A - 2 potions of magic
 K - 3 potions of brilliance
 O - a potion of cure mutation
 S - a potion of berserk rage
 T - 2 potions of might
 U - a potion of agility
Miscellaneous
 p - a lamp of fire
 J - a box of beasts
Comestibles
 b - 5 meat rations
 i - 5 slices of pizza
 j - 7 beef jerkies


   Skills:
 + Level 9.8 Fighting
 * Level 2.8 Armour
 + Level 10.5 Dodging
 - Level 2.6 Stealth
 + Level 11.5 Unarmed Combat
 + Level 5.2 Evocations


You had 10 spell levels left.
You didn't know any spells.

Dungeon Overview and Level Annotations

Branches:
Dungeon (8/15)             Temple (1/1) D:5            Lair (2/6) D:8
 Shoals (0/4) Lair:2        Snake (0/4) Lair:2

Altars:
Ashenzari
Cheibriados
Dithmenos
Elyvilon
Fedhas
Gozag
Hepliaklqana
Kikubaaqudgha
Nemelex Xobeh
Okawaru
Pakellas
Qazlal
Ru
Sif Muna
Uskayaw
Vehumet
Xom
Yredelemnul
Zin
The Shining One


Innate Abilities, Weirdness & Mutations

You are small and have problems with some larger weapons.
You are carnivorous and can eat meat at any time.
You are partially covered in molten scales. (AC +1)
Armour fits poorly on your strangely shaped body.
Your body sometimes deteriorates upon taking damage.


Message History

Found a chain mail and 21 gold pieces.
Found a staircase to the Snake Pit.
What are your orders? t - Shout!
Orders for allies: a - Attack new target. r - Retreat! s - Stop attacking. w - Wait here. f - Follow me.
Anything else - Cancel.
Okay, then.
Blink to where?
Press: ? - help, Dir - move target cursor You are very lightly contaminated with residual magic.
As you read the scroll of blinking, it crumbles to dust.
* * * LOW HITPOINT WARNING * * *
You feel sick.
You feel better.
The komodo dragon hisses angrily.
Found a bread ration and 17 gold pieces.
The komodo dragon bites you!!
You die...
Pakellas says: Time to find a new assistant...

##..### .... .. #### .##
. . ## ##...... ##.
...... #.≈ ##....# ##≈≈
### .....# #P≈≈
.....#########..# ##≈≈≈
.......@..##.#..###..#≈≈
......#.l......N......≈≈
..................###..≈
......#...#..#..#...P..≈
.........###.##.......P.
.%........ .............
.$......................
......................>
..........##.........


You could see a komodo dragon.

Vanquished Creatures
  A hydra (Lair:2)
  A manticore (Lair:2)
  An elephant (D:8)
  Joseph (D:7)
  A spiny frog (Lair:1)
  2 two-headed ogres (D:8)
  A slime creature (D:7)
  3 yaks (Lair:2)
  A basilisk (Lair:1)
  2 hippogriffs (Lair:2)
  2 porcupines (Lair:1)
  4 water moccasins
  Duvessa (D:4)
  A wasp (D:7)
  An ice beast (D:8)
  A sky beast (D:8)
  A black bear (D:4)
  4 ogres
  2 phantoms
  5 centaurs
  5 crocodiles
  A big kobold (D:7)
  6 elf zombies (Ossuary)
  6 giant frogs
  Dowan (D:4)
  A scorpion (D:5)
  A howler monkey (D:5)
  2 crimson imps
  8 hounds
  3 centaur zombies (Ossuary)
  3 human zombies (Ossuary)
  3 orc wizards
  2 orc priests
  3 jellies
  A centaur skeleton (D:8)
  3 giant frog skeletons
  Ijyb (D:2)
  Terence (D:2)
  Natasha (thrice) (D:3)
  10 iguanas
  6 worker ants
  2 sheep (D:8)
  3 mummies (Ossuary)
  2 worker ant zombies
  7 gnolls
  10 river rats (Lair:2)
  18 adders
  An adder skeleton (D:5)
  3 worms
  5 dart slugs
  6 giant geckos
  20 orcs
  9 bats
  9 giant cockroaches
  11 goblins
  8 hobgoblins
  9 jackals
  2 quokkas
  2 ball pythons (D:7)
  2 giant gecko skeletons
  2 giant newts
  A jackal skeleton (D:4)
  A jackal zombie (D:6)
  9 kobolds
  2 rats (D:1)
250 creatures vanquished.

Vanquished Creatures (others)
  A fungus (Lair:2)
1 creature vanquished.

Grand Total: 251 creatures vanquished

Notes
Turn   | Place    | Note
-------+----------+-------------------------------------------
     0 | D:1      | zxkuqyb the Kobold Monk began the quest for the Orb.
     0 | D:1      | Reached XP level 1. HP: 14/14 MP: 1/1
   116 | D:1      | Reached XP level 2. HP: 19/19 MP: 2/2
   363 | D:1      | Reached XP level 3. HP: 15/23 MP: 3/3
  1143 | D:2      | Reached skill level 4 in Unarmed Combat
  1143 | D:2      | Reached XP level 4. HP: 20/29 MP: 4/4
  1207 | D:2      | Noticed Terence
  1228 | D:2      | Killed Terence
  1464 | D:2      | Noticed Ijyb
  1474 | D:2      | Killed Ijyb
  1474 | D:2      | Reached XP level 5. HP: 33/33 MP: 5/5
  1548 | D:2      | Found a radiant altar of Vehumet.
  2471 | D:3      | Noticed Natasha
  2481 | D:3      | Killed Natasha
  2481 | D:3      | Reached skill level 5 in Unarmed Combat
  2481 | D:3      | Reached XP level 6. HP: 31/39 MP: 6/6
  2810 | D:3      | Noticed Natasha
  2823 | D:3      | Killed Natasha
  2823 | D:3      | Reached skill level 5 in Dodging
  3083 | D:3      | Noticed Natasha
  3094 | D:3      | Killed Natasha
  3204 | D:3      | Found a shadowy altar of Dithmenos.
  3491 | D:4      | Noticed an ogre
  3492 | D:4      | Noticed a black bear
  3492 | D:4      | an ogre changed into a black bear
  3502 | D:4      | Killed a black bear
  3502 | D:4      | Reached XP level 7. HP: 43/44 MP: 7/7
  3687 | D:4      | Reached skill level 5 in Fighting
  3702 | D:4      | Noticed Dowan
  3757 | D:4      | Noticed Duvessa
  3959 | D:4      | Reached skill level 6 in Unarmed Combat
  4500 | D:5      | Entered Level 5 of the Dungeon
  4573 | D:5      | Reached XP level 8. HP: 50/50 MP: 8/8
  4574 | D:5      | Found a deep blue altar of Sif Muna.
  4624 | D:5      | Found a white marble altar of Elyvilon.
  4762 | D:5      | Got a slimy leather armour
  4773 | D:5      | Identified the +4 leather armour of Paranoia {+Inv rN+++ Int-4 Slay-4} (You found it on level 5 of the Dungeon)
  5194 | D:5      | Found a staircase to the Ecumenical Temple.
  5256 | D:5      | Reached skill level 7 in Unarmed Combat
  5275 | Temple   | Entered the Ecumenical Temple
  5303 | Temple   | Became a worshipper of Pakellas the Inventive
  5303 | Temple   | Reached * piety under Pakellas
  5303 | Temple   | Received a gift from Pakellas
  5303 | Temple   | Reached ** piety under Pakellas
  5303 | Temple   | Received a gift from Pakellas
  6345 | D:7      | Found a sand-covered staircase.
  6393 | Ossuary  | Entered an ossuary
  6698 | Ossuary  | Reached skill level 8 in Unarmed Combat
  6705 | Ossuary  | Reached XP level 9. HP: 30/56 MP: 9/9
  7512 | D:7      | Reached skill level 9 in Unarmed Combat
  7591 | D:7      | Reached *** piety under Pakellas
  7591 | D:7      | Received a gift from Pakellas
  7617 | D:7      | Gained mutation: You are partially covered in molten scales. (AC +1) [potion of mutation]
  7617 | D:7      | Gained mutation: You are agile. (Dex +2) [potion of mutation]
  7617 | D:7      | Gained mutation: Your mind is acute. (Int +2) [potion of mutation]
  7624 | D:7      | Gained mutation: You have a pair of small horns on your head. [potion of beneficial mutation]
  7706 | D:7      | Noticed a slime creature
  7727 | D:7      | Killed a slime creature
  8068 | D:7      | Reached XP level 10. HP: 31/64 MP: 10/10
  8419 | D:7      | Noticed Joseph
  8428 | D:7      | Found a stormy altar of Qazlal.
  8446 | D:7      | Killed Joseph
  8446 | D:7      | Reached skill level 10 in Unarmed Combat
  8801 | D:7      | Gained mutation: Armour fits poorly on your strangely shaped body. [potion of mutation]
  8801 | D:7      | Gained mutation: Your body sometimes deteriorates upon taking damage. [potion of mutation]
  8801 | D:7      | Gained mutation: You are frail. (-10% HP) [potion of mutation]
  9201 | D:4      | Killed Dowan
  9213 | D:4      | Killed Duvessa
  9327 | D:8      | Lost mutation: You have a pair of small horns on your head. [potion of cure mutation]
  9327 | D:8      | Lost mutation: Your mind is acute. (Int +2) [potion of cure mutation]
  9327 | D:8      | Lost mutation: You are agile. (Dex +2) [potion of cure mutation]
  9327 | D:8      | Lost mutation: You are frail. (-10% HP) [potion of cure mutation]
  9618 | D:8      | Reached **** piety under Pakellas
  9618 | D:8      | Received a gift from Pakellas
  9740 | D:8      | Found a sparkling altar of Nemelex Xobeh.
  9783 | D:8      | Found a staircase to the Lair.
  9784 | D:8      | Noticed an elephant
  9809 | D:8      | Killed an elephant
 10019 | D:8      | Reached skill level 11 in Unarmed Combat
 10175 | D:8      | Reached skill level 1 in Evocations
 11052 | Lair:1   | Entered Level 1 of the Lair of Beasts
 11060 | Lair:1   | Reached XP level 11. HP: 53/71 MP: 11/13
 11414 | Lair:1   | Reached skill level 10 in Dodging
 12154 | Lair:1   | Identified a scroll of acquirement
 12158 | Lair:1   | Got a twisted chain mail
 12169 | Lair:1   | Identified the +1 chain mail of the Serpent {Stlth+} (You acquired it on level 1 of the Lair of Beasts)
 12600 | Lair:2   | Reached skill level 1 in Armour
 12758 | Lair:2   | Noticed an eight-headed hydra
 12772 | Lair:2   | Noticed a six-headed hydra
 13062 | Lair:2   | Found a staircase to the Shoals.
 13063 | Lair:2   | Noticed a manticore
 13157 | Lair:2   | Noticed a griffon
 13194 | Lair:2   | Noticed a seven-headed hydra
 13197 | Lair:2   | Killed a seven-headed hydra
 13197 | Lair:2   | Reached skill level 5 in Evocations
 13221 | Lair:2   | Killed a manticore
 13239 | Lair:2   | Noticed a queen ant
 13239 | Lair:2   | an eight-headed hydra changed into a queen ant
 13257 | Lair:2   | HP: 1/72 [poisoned by a queen ant]
 13258 | Lair:2   | Found a staircase to the Snake Pit.
 13272 | Lair:2   | Annihilated by a komodo dragon

Vault maps used:
D:1:      mrwooster_arrival_statue_2
D:2:      vehumet_crystals, uniq_terence, uniq_iyjb
D:3:      grunt_dithmenos_smoke, uniq_natasha
D:4:      makhleb_blood_cavern_becter, first_bread, uniq_duvessa
D:5:      tgw_sif, elyvilon_altar_5
D:7:      kennysheep_windowed_halls, old_standard_altar,
          nicolae_ossuary_entry_false_entrances, uniq_joseph
D:8:      marbit_many_paths, david_lair_generic, grunt_ogre_cave,
          grunt_decor_cap
Temple:   nicolae_temple_great_sept
Lair:1:   infiniplex_staircase_pool, grunt_megastairs_1
Lair:2:   minmay_shoals_entry_beasts, guppyfry_snake_entry_island
Ossuary:  ossuary_minmay_four_chambers

Skill      XL: |  1  2  3  4  5  6  7  8  9 10 11 |
---------------+----------------------------------+-----
Dodging        | 4 5 7 8 9 10 | 10.5
Unarmed Combat | 4 5 6 8 9 11 | 11.5
Fighting       | 4 5 6 7 9 |  9.8
Evocations     | 3 5 |  5.2
Armour         | 2 |  2.8
Stealth        | |  2.6

Action                   |  1- 3 |  4- 6 |  7- 9 | 10-12 || total
-------------------------+-------+-------+-------+-------++-------
Melee: Unarmed           |   106 |   231 |   556 |   391 ||  1284
       Punch             |     2 |     8 |    21 |    20 ||    51
       Headbutt          |       |       |    16 |    13 ||    29
Throw: Tomahawk          |       |     2 |     3 |     1 ||     6
Invok: Device Surge      |       |       |       |     3 ||     3
       Quick Charge      |       |       |       |     1 ||     1
Evoke: Wand              |       |     2 |     2 |    16 ||    20
  Use: Scroll            |       |       |    11 |    16 ||    27
       Potion            |       |       |     2 |     5 ||     7
 Stab: Sleeping          |     6 |     9 |     5 |     6 ||    26
       Distracted        |       |       |     1 |     1 ||     2
  Eat: Chunk             |     9 |     8 |    15 |    16 ||    48
Armor: Robe              |     8 |    26 |    10 |       ||    44
       Skin              |       |     1 |       |       ||     1
       Leather armour    |       |       |    35 |    28 ||    63
Dodge: Dodged            |    73 |   170 |   377 |   293 ||   913
